AoeStats
← pascapas

Arena

503933957Analyzed
4v4 RM · 1mo ago on Sep 3, 2026· 51m 3s· 8 players
Game mode
Random Map
Map size
Large (8 player)
Population
200
Speed
Normal
Resources
Standard
Victory
Conquest
Starting age
Dark Age
Ending age
Imperial Age
RankedLock teamsTeams togetherTeam positionsShared explorationLock speedFull tech treeHidden civsTurbo modeCheats
Victory
Defeat
🇲🇽 Portuguese · Mexico
866
+16
🇦🇷 Japanese · Argentina
863
+16
🇨🇴 Britons · Colombia
844
+16
🇨🇴 Shu · Colombia
844
+17
🇦🇺 Gurjaras · Australia
894
-19
886
-31
🇨🇭 Hindustanis · Switzerland
860
-16
🇩🇪 Teutons · Germany
791
-13
CHAPO
6:13 Loom
13:37 Feudal Age
19:11 Castle Age
21:29 Pikeman
23:14 Town Watch
23:53 Arson
24:10 Scale Mail Armor
24:21 Forging
30:03 Imperial Age
28:49 Iron Casting
29:09 Stone Mining
29:09 Gold Mining
29:26 Double-Bit Axe
29:23 Horse Collar
31:11 Wheelbarrow
30:38 Heavy Plow
30:51 Bow Saw
33:49 Hand Cart
35:25 Town Patrol
37:45 Blast Furnace
37:00 Chain Mail Armor
36:36 Fletching
36:11 Halberdier
39:28 Chemistry
38:49 Ballistics
38:10 Treadmill Crane
38:41 Fortified Wall
38:42 Masonry
38:21 Capped Ram
40:32 Stone Shaft Mining
41:03 Chain Mail Armor
40:39 Fletching
41:16 Fletching
42:03 Plate Mail Armor
42:36 Bodkin Arrow
42:42 Padded Archer Armor
42:21 Man-at-Arms
42:47 Gambesons
43:35 Bombard Tower
44:22 Long Swordsman
45:20 Bracer
45:36 Leather Archer Armor
45:27 Scale Barding Armor
45:41 Two-Handed Swordsman
48:04 Chain Barding Armor
48:14 Ring Archer Armor
48:26 Coinage
48:12 Champion
51:22 Plate Barding Armor
50:45 Guard Tower
51:26 Architecture
51:02 Siege Engineers
50:52 Murder Holes
51:08 Careening
51:09 Clinker Construction
51:05 Siphons
50:50 Heated Shot
Lumber
12:07 Feudal Age
10:23 Loom
16:23 Castle Age
15:50 Wheelbarrow
15:48 Double-Bit Axe
17:01 Man-at-Arms
17:27 Gambesons
17:43 Squires
17:28 Arson
17:51 Horse Collar
18:46 Long Swordsman
29:18 Imperial Age
29:52 Scale Mail Armor
30:03 Forging
29:44 Arson
30:46 Gold Mining
31:18 Chain Mail Armor
31:29 Conscription
32:59 Plate Mail Armor
33:04 Iron Casting
33:13 Gold Shaft Mining
32:29 Stone Mining
32:59 Elite Samurai
33:52 Pikeman
35:03 Kataparuto
36:36 Hand Cart
36:12 Town Watch
36:43 Bow Saw
36:39 Heavy Plow
39:20 Blast Furnace
39:24 Elite Skirmisher
40:03 Fletching
40:14 Padded Archer Armor
41:40 Leather Archer Armor
41:21 Bodkin Arrow
41:43 Leather Archer Armor
43:08 Chemistry
42:29 Ballistics
44:52 Bracer
45:22 Ring Archer Armor
forcepimps
13:12 Feudal Age
19:27 Castle Age
19:45 Double-Bit Axe
19:52 Horse Collar
28:39 Imperial Age
29:58 Wheelbarrow
31:00 Chemistry
30:13 Fortified Wall
30:11 Siege Engineers
29:47 Treadmill Crane
30:28 Ballistics
30:14 Town Watch
31:25 Bow Saw
33:33 Two-Man Saw
32:39 Town Patrol
32:42 Murder Holes
34:15 Yeomen
34:20 Stone Mining
34:24 Gold Mining
34:59 Hand Cart
35:54 Conscription
35:47 Padded Archer Armor
37:09 Gold Shaft Mining
36:57 Leather Archer Armor
36:33 Fletching
37:08 Heavy Plow
38:12 Ring Archer Armor
38:06 Bodkin Arrow
38:51 Hoardings
38:02 Capped Ram
39:46 Elite Longbowman
41:46 Bracer
47:55 Arson
48:11 Squires
47:56 Gambesons
47:32 Pikeman
MIGBAL2229
0:27 Loom
11:22 Feudal Age
17:56 Castle Age
15:57 Horse Collar
17:11 Double-Bit Axe
22:21 Bow Saw
22:13 Heavy Plow
24:30 Wheelbarrow
25:11 Fletching
25:45 Ballistics
25:25 Murder Holes
30:20 Imperial Age
28:14 Gold Mining
28:16 Stone Mining
28:24 Bodkin Arrow
29:08 Padded Archer Armor
28:44 Crossbowman
29:33 Murder Holes
30:16 Hand Cart
31:03 Gold Shaft Mining
30:51 Leather Archer Armor
31:09 Thumb Ring
31:47 Conscription
32:35 Two-Man Saw
32:14 Bolt Magazine
32:51 Arbalester
33:40 Bracer
35:01 Ring Archer Armor
35:49 Forging
35:41 Scale Mail Armor
37:34 Chemistry
36:40 Siege Engineers
36:08 Pikeman
36:56 Squires
37:36 Hoardings
37:37 Chain Mail Armor
pascapas
1:48 Loom
11:55 Feudal Age
21:42 Castle Age
20:48 Gold Mining
21:08 Double-Bit Axe
21:24 Horse Collar
23:31 Fletching
24:39 Pikeman
26:32 Bodkin Arrow
40:05 Heavy Plow
43:22 Wheelbarrow
46:11 Light Cavalry
Call of Silence
9:24 Feudal Age
15:18 Castle Age
13:34 Double-Bit Axe
14:13 Horse Collar
17:43 Bow Saw
17:45 Heavy Plow
20:08 Wheelbarrow
19:18 Loom
20:23 Gold Mining
25:51 Hand Cart
28:30 Imperial Age
25:51 Town Watch
26:59 Thumb Ring
27:47 Gold Shaft Mining
28:16 Stone Mining
28:59 Masonry
28:59 Fortified Wall
30:10 Crop Rotation
30:01 Elite Elephant Archer
30:36 Fletching
33:09 Kshatriyas
34:25 Bodkin Arrow
34:30 Padded Archer Armor
34:54 Ballistics
35:36 Chemistry
34:17 Treadmill Crane
35:07 Architecture
35:08 Conscription
35:49 Bracer
35:56 Scale Barding Armor
36:02 Forging
36:00 Town Patrol
36:40 Bloodlines
36:36 Husbandry
38:06 Frontier Guards
38:15 Leather Archer Armor
38:27 Light Cavalry
39:41 Chain Barding Armor
39:57 Iron Casting
39:52 Hussar
43:57 Plate Barding Armor
把人生埋在四季
0:27 Loom
5:11 Loom
11:11 Feudal Age
16:32 Castle Age
15:11 Horse Collar
16:21 Double-Bit Axe
17:49 Bow Saw
18:57 Gold Mining
20:03 Heavy Plow
20:47 Scale Barding Armor
27:00 Wheelbarrow
26:57 Chain Barding Armor
26:50 Forging
27:48 Bloodlines
28:12 Hand Cart
31:45 Iron Casting
35:40 Imperial Age
34:38 Gold Shaft Mining
35:18 Heavy Camel Rider
37:39 Husbandry
38:29 Parthian Tactics
MKO82
0:27 Loom
12:10 Feudal Age
12:35 Horse Collar
13:33 Wheelbarrow
12:46 Double-Bit Axe
19:49 Castle Age
18:02 Stone Mining
18:14 Gold Mining
19:43 Scale Mail Armor
19:53 Forging
20:43 Heavy Plow
20:55 Bow Saw
24:35 Padded Archer Armor
24:25 Fletching
26:43 Hand Cart
26:14 Town Watch
28:17 Stone Shaft Mining
29:24 Town Patrol
31:35 Ballistics
31:06 Heated Shot
31:26 Fortified Wall
31:27 Masonry
31:00 Pikeman
31:20 Man-at-Arms
31:45 Gambesons
32:01 Squires
31:47 Arson
32:27 Ironclad
36:09 Imperial Age
33:58 Leather Archer Armor
33:34 Fletching
34:19 Iron Casting
34:14 Elite Skirmisher
35:28 Chain Mail Armor
35:09 Bodkin Arrow
35:46 Long Swordsman
36:15 Halberdier
37:28 Crop Rotation
38:05 Two-Man Saw
38:22 Chemistry
36:58 Two-Handed Swordsman
37:41 Arrowslits
46:38 Heavy Scorpion
Connection lost

Rejoining the realm…

Still unreachable

The connection could not be restored.

Session expired

The server has moved on; the page needs a fresh start.